[ AOE2 MATCH · #471126004 ]
UnrankedMuisca vs Tatars
[ REPLAY ANALYSIS · EXTRACTED FROM THE RECORDED GAME ]
Feudal
12:57
Castle
23:10
Imperial
45:10
| APM avg | 26.7 |
| APM peak | 46 |
| eAPM avg | 13.5 |
| Villagers / military | 156 / 212 |
Focus
⚔️ 28.9% · 🌾 71.1%
Spearman ×140 · Skirmisher ×46 · Archer ×22 · Fishing Ship ×4 · Trebuchet (Packed) ×3 · Trade Cart ×2
Feudal
14:39
Castle
23:51
Imperial
33:42
| APM avg | 42.1 |
| APM peak | 78 |
| eAPM avg | 24.6 |
| Villagers / military | 175 / 200 |
Focus
⚔️ 40.3% · 🌾 59.7%
Camel Archer ×158 · Scout Cavalry ×25 · Fishing Ship ×21 · Trebuchet (Packed) ×14 · Unknown (2626) ×5 · Galley ×1
Feudal
14:59
Castle
18:33
Imperial
35:14
| APM avg | 66.6 |
| APM peak | 145 |
| eAPM avg | 43.2 |
| Villagers / military | 227 / 102 |
Focus
⚔️ 26.2% · 🌾 73.8%
Unknown (882) ×87 · Spearman ×78 · Scorpion ×9 · Fishing Ship ×8 · Trebuchet (Packed) ×7 · Centurion ×4
Feudal
14:19
Castle
26:34
Imperial
—
| APM avg | 35.6 |
| APM peak | 67 |
| eAPM avg | 18.0 |
| Villagers / military | 108 / 188 |
Focus
⚔️ 36.4% · 🌾 63.6%
Steppe Lancer ×103 · Cavalry Archer ×55 · Scout Cavalry ×21 · Fishing Ship ×12 · Battering Ram ×5 · Camel Scout ×3
Feudal
13:23
Castle
17:06
Imperial
47:34
| APM avg | 43.2 |
| APM peak | 81 |
| eAPM avg | 22.5 |
| Villagers / military | 173 / 68 |
Focus
⚔️ 27.2% · 🌾 72.8%
Cavalry Archer ×56 · Unknown (2626) ×13 · Fishing Ship ×5 · Magyar Huszar ×5 · Fire Galley ×3 · Monk ×2
Feudal
12:14
Castle
15:51
Imperial
32:53
| APM avg | 38.0 |
| APM peak | 75 |
| eAPM avg | 24.1 |
| Villagers / military | 230 / 291 |
Focus
⚔️ 28.1% · 🌾 71.9%
Genoese Crossbowman ×175 · Spearman ×95 · Bombard Cannon ×9 · Unknown (2626) ×7 · Trebuchet (Packed) ×7 · Fishing Ship ×6
Feudal
15:44
Castle
20:08
Imperial
52:34
| APM avg | 41.8 |
| APM peak | 84 |
| eAPM avg | 18.2 |
| Villagers / military | 254 / 93 |
Focus
⚔️ 23.4% · 🌾 76.6%
Knight ×51 · Skirmisher ×36 · Fishing Ship ×8 · Scout Cavalry ×4 · Archer ×2
Feudal
14:11
Castle
17:50
Imperial
29:54
| APM avg | 36.3 |
| APM peak | 84 |
| eAPM avg | 21.9 |
| Villagers / military | 171 / 375 |
Focus
⚔️ 43.4% · 🌾 56.6%
Knight ×252 · Scout Cavalry ×63 · Scorpion ×43 · Fishing Ship ×8 · Trebuchet (Packed) ×7 · Battering Ram ×4
Match map
Initial resources + every placement click. Lines = walls · curves = elevation contours. ◆ gold · ⬟ stone · ● berries · ✦ relic · ◌ wall gap
Inputs per minute
— cheeseman - - Meesh
Build order — cheeseman
First 150 of 398 actions detected
| 0:45 | Build | Town Center |
| 0:50 | Build | Dock |
| 3:02 | Create | Villager (Male) |
| 3:03 | Create | Villager (Male) |
| 3:03 | Create | Villager (Male) |
| 3:03 | Create | Villager (Male) |
| 3:03 | Create | Villager (Male) |
| 3:21 | Build | House |
| 3:32 | Create | Villager (Male) |
| 4:38 | Create | Villager (Male) |
| 5:13 | Create | Fishing Ship |
| 5:15 | Build | House |
| 5:24 | Research | Loom |
| 5:40 | Create | Fishing Ship |
| 5:51 | Create | Villager (Male) |
| 5:51 | Create | Villager (Male) |
| 6:20 | Create | Villager (Male) |
| 6:31 | Create | Fishing Ship |
| 6:50 | Build | House |
| 6:54 | Create | Villager (Male) |
| 6:55 | Create | Villager (Male) |
| 7:11 | Create | Villager (Male) |
| 7:11 | Create | Villager (Male) |
| 7:26 | Create | Fishing Ship |
| 7:47 | Create | Villager (Male) |
| 7:47 | Create | Villager (Male) |
| 7:52 | Create | Villager (Male) |
| 8:30 | Create | Villager (Male) |
| 8:33 | Create | Villager (Male) |
| 8:34 | Create | Villager (Male) |
| 8:48 | Create | Villager (Male) |
| 9:07 | Build | House |
| 9:48 | Create | Villager (Male) |
| 10:05 | Build | Outpost |
| 10:07 | Build | House |
| 10:20 | Build | Settlement |
| 10:47 | Research | Feudal Age |
| 10:54 | Build | Outpost |
| 10:59 | Build | Outpost |
| 12:09 | Build | Barracks |
| 12:44 | Create | Villager (Male) |
| 12:44 | Create | Villager (Male) |
| 12:57 | Age | Feudal Age |
| 13:10 | Build | Settlement |
| 13:14 | Create | Villager (Male) |
| 13:25 | Build | Archery Range |
| 13:29 | Build | Palisade Gate |
| 13:36 | Build | Palisade Gate |
| 13:40 | Create | Villager (Male) |
| 13:51 | Research | Double-Bit Axe |
| 14:21 | Create | Villager (Male) |
| 14:24 | Create | Archer |
| 14:30 | Research | Gold Mining |
| 14:41 | Create | Fire Galley |
| 14:46 | Create | Villager (Male) |
| 15:12 | Build | Outpost |
| 15:16 | Create | Villager (Male) |
| 15:26 | Research | Horse Collar |
| 15:46 | Create | Archer |
| 15:46 | Create | Archer |
| 16:05 | Create | Villager (Male) |
| 16:08 | Build | Farm |
| 16:08 | Build | Farm |
| 16:09 | Build | Farm |
| 16:13 | Create | Villager (Male) |
| 16:35 | Build | House |
| 16:38 | Create | Villager (Male) |
| 16:41 | Build | Farm |
| 16:44 | Build | Farm |
| 16:45 | Build | Farm |
| 16:49 | Build | Farm |
| 16:50 | Create | Villager (Male) |
| 16:52 | Create | Archer |
| 17:03 | Create | Villager (Male) |
| 17:13 | Build | House |
| 17:31 | Create | Spearman |
| 17:50 | Create | Villager (Male) |
| 18:03 | Build | Farm |
| 18:09 | Create | Spearman |
| 18:19 | Build | Palisade Gate |
| 18:24 | Build | Palisade Wall |
| 18:27 | Build | Palisade Wall |
| 18:36 | Create | Archer |
| 18:40 | Create | Villager (Male) |
| 18:58 | Build | Blacksmith |
| 19:14 | Build | Palisade Wall |
| 19:16 | Build | Palisade Wall |
| 19:19 | Build | House |
| 19:25 | Build | Palisade Wall |
| 20:05 | Create | Villager (Male) |
| 20:26 | Research | Castle Age |
| 20:34 | Create | Archer |
| 20:42 | Build | Farm |
| 20:53 | Create | Archer |
| 21:00 | Build | Market |
| 21:23 | Research | Fletching |
| 21:24 | Create | Villager (Male) |
| 21:42 | Create | Villager (Male) |
| 21:50 | Research | Padded Archer Armor |
| 21:52 | Create | Archer |
| 22:26 | Create | Villager (Male) |
| 22:28 | Create | Spearman |
| 22:30 | Create | Spearman |
| 22:45 | Create | Villager (Male) |
| 22:51 | Build | House |
| 22:57 | Create | Villager (Male) |
| 23:10 | Age | Castle Age |
| 23:27 | Build | Archery Range |
| 23:28 | Build | Archery Range |
| 23:31 | Create | Villager (Male) |
| 23:41 | Create | Archer |
| 23:41 | Create | Archer |
| 23:56 | Research | Tech 906 |
| 23:58 | Create | Villager (Male) |
| 24:10 | Research | Crossbowman (upgrade) |
| 24:29 | Build | Farm |
| 24:31 | Build | Farm |
| 24:35 | Research | Bodkin Arrow |
| 24:35 | Research | Bodkin Arrow |
| 24:46 | Create | Archer ×5 |
| 24:54 | Create | Spearman |
| 25:10 | Build | Settlement |
| 25:18 | Create | Archer ×5 |
| 25:23 | Build | Farm |
| 25:24 | Build | Farm |
| 25:57 | Create | Villager (Male) |
| 25:58 | Create | Villager (Male) |
| 26:04 | Build | Town Center |
| 26:07 | Create | Villager (Male) |
| 26:10 | Create | Archer ×2 |
| 26:49 | Create | Villager (Male) |
| 26:49 | Create | Villager (Male) |
| 27:13 | Create | Trade Cart |
| 27:14 | Create | Trade Cart |
| 27:17 | Build | House |
| 27:23 | Create | Spearman |
| 27:23 | Create | Spearman |
| 28:16 | Create | Villager (Male) |
| 28:16 | Create | Villager (Male) |
| 28:41 | Create | Villager (Male) |
| 28:48 | Build | Town Center |
| 28:59 | Build | Farm |
| 28:59 | Build | Farm |
| 29:14 | Create | Villager (Male) |
| 29:14 | Create | Villager (Male) |
| 29:56 | Build | House |
| 30:11 | Build | Settlement |
| 30:35 | Build | Barracks |
| 31:09 | Research | Pikeman (upgrade) |
| 31:13 | Research | Scale Mail Armor |
Build order — Meesh
First 150 of 366 actions detected
| 0:34 | Build | Town Center |
| 1:10 | Build | Dock |
| 1:12 | Build | House |
| 3:30 | Create | Villager (Male) ×4 |
| 4:25 | Create | Villager (Male) |
| 4:49 | Create | Fishing Ship |
| 4:49 | Create | Fishing Ship |
| 4:59 | Build | House |
| 5:27 | Create | Villager (Male) |
| 5:28 | Create | Villager (Male) |
| 5:41 | Research | Loom |
| 5:41 | Research | Loom |
| 5:56 | Create | Villager (Male) |
| 6:35 | Create | Villager (Male) |
| 6:35 | Create | Villager (Male) |
| 6:36 | Create | Villager (Male) |
| 7:03 | Create | Villager (Male) |
| 7:24 | Create | Villager (Male) |
| 7:42 | Build | House |
| 7:51 | Create | Villager (Male) |
| 8:02 | Create | Villager (Male) |
| 8:07 | Create | Fishing Ship |
| 8:07 | Create | Fishing Ship |
| 8:16 | Create | Villager (Male) |
| 8:33 | Create | Villager (Male) |
| 8:40 | Create | Villager (Male) |
| 8:57 | Create | Villager (Male) |
| 8:58 | Create | Fishing Ship |
| 8:58 | Create | Fishing Ship |
| 9:05 | Build | House |
| 9:23 | Create | Villager (Male) |
| 9:26 | Create | Fishing Ship |
| 9:26 | Create | Fishing Ship |
| 10:01 | Create | Villager (Male) |
| 10:14 | Create | Villager (Male) |
| 10:38 | Build | House |
| 10:40 | Create | Villager (Male) |
| 10:47 | Build | Mill |
| 10:51 | Create | Villager (Male) |
| 10:59 | Build | House |
| 11:13 | Build | House |
| 11:19 | Create | Villager (Male) |
| 11:39 | Create | Villager (Male) |
| 11:53 | Build | Dock |
| 11:55 | Create | Villager (Male) |
| 12:12 | Research | Feudal Age |
| 12:12 | Research | Feudal Age |
| 12:32 | Build | Mining Camp |
| 12:38 | Create | Villager (Male) |
| 12:47 | Create | Fishing Ship |
| 13:07 | Build | Lumber Camp |
| 13:51 | Create | Fishing Ship |
| 14:05 | Create | Fishing Ship |
| 14:07 | Create | Villager (Male) |
| 14:15 | Create | Fishing Ship |
| 14:39 | Age | Feudal Age |
| 14:43 | Research | Double-Bit Axe |
| 14:44 | Research | Gold Mining |
| 14:55 | Create | Unit 2626 |
| 15:00 | Create | Unit 2626 |
| 15:01 | Create | Villager (Male) |
| 15:09 | Research | Horse Collar |
| 15:15 | Create | Villager (Male) |
| 15:15 | Create | Villager (Male) |
| 15:18 | Build | House |
| 15:19 | Build | House |
| 15:24 | Build | House |
| 15:24 | Build | House |
| 15:36 | Create | Fire Galley |
| 15:40 | Create | Unit 2626 |
| 15:51 | Create | Unit 2626 |
| 16:04 | Create | Villager (Male) |
| 16:04 | Create | Villager (Male) |
| 16:05 | Create | Villager (Male) |
| 16:13 | Create | Villager (Male) |
| 16:29 | Create | Unit 2626 |
| 16:54 | Create | Villager (Male) |
| 17:08 | Create | Fishing Ship |
| 17:08 | Create | Fishing Ship |
| 17:08 | Create | Fishing Ship |
| 17:12 | Create | Villager (Male) |
| 17:16 | Build | Dock |
| 17:18 | Create | Villager (Male) |
| 17:20 | Build | Farm |
| 17:21 | Build | Farm |
| 17:21 | Build | Farm |
| 17:21 | Build | Farm |
| 17:21 | Build | Farm |
| 17:22 | Build | Farm |
| 17:22 | Build | Farm |
| 17:22 | Build | Farm |
| 17:24 | Build | Farm |
| 17:30 | Create | Villager (Male) |
| 17:32 | Build | Farm |
| 17:53 | Build | Farm |
| 17:55 | Create | Villager (Male) |
| 17:55 | Create | Villager (Male) |
| 18:06 | Build | House |
| 18:06 | Create | Fishing Ship |
| 18:09 | Create | Fishing Ship |
| 18:13 | Build | Farm |
| 18:14 | Create | Villager (Male) |
| 18:38 | Build | House |
| 18:42 | Create | Fishing Ship |
| 18:50 | Build | Blacksmith |
| 18:51 | Create | Villager (Male) |
| 19:32 | Build | Market |
| 19:38 | Build | House |
| 19:47 | Build | House |
| 19:59 | Research | Tech 906 |
| 20:21 | Research | Fletching |
| 20:24 | Build | Lumber Camp |
| 20:27 | Build | House |
| 20:34 | Build | House |
| 20:35 | Build | House |
| 20:46 | Create | Villager (Male) |
| 20:47 | Build | Farm |
| 21:03 | Build | House |
| 21:07 | Research | Castle Age |
| 21:07 | Research | Castle Age |
| 21:14 | Create | Demolition Raft |
| 21:23 | Create | Fishing Ship ×3 |
| 21:41 | Build | Mining Camp |
| 21:46 | Research | Stone Mining |
| 22:57 | Create | Galley |
| 23:44 | Research | Padded Archer Armor |
| 23:47 | Build | Barracks |
| 23:49 | Create | Villager (Male) |
| 23:51 | Age | Castle Age |
| 23:54 | Create | Villager (Male) |
| 24:16 | Create | Villager (Male) |
| 24:23 | Build | Castle |
| 24:31 | Build | Town Center |
| 24:35 | Research | Bodkin Arrow |
| 24:35 | Research | Bodkin Arrow |
| 24:40 | Create | Villager (Male) |
| 24:42 | Build | Lumber Camp |
| 24:59 | Research | Wheelbarrow |
| 25:22 | Create | Villager (Male) |
| 25:27 | Create | Villager (Male) |
| 25:35 | Build | Town Center |
| 25:43 | Research | Bow Saw |
| 25:44 | Create | Camel Archer |
| 25:51 | Create | Villager (Male) |
| 25:51 | Create | Villager (Male) |
| 25:51 | Create | Villager (Male) |
| 25:51 | Create | Villager (Male) |
| 25:52 | Create | Villager (Male) |
| 25:52 | Create | Villager (Male) |
| 26:33 | Create | Camel Archer ×5 |
Build order — Neo
First 150 of 666 actions detected
| 0:58 | Build | Town Center |
| 1:24 | Build | Dock |
| 1:28 | Build | Dock |
| 1:30 | Build | House |
| 3:01 | Create | Villager (Male) |
| 3:01 | Create | Villager (Male) |
| 3:01 | Create | Villager (Male) |
| 3:02 | Create | Villager (Male) |
| 4:43 | Research | Loom |
| 4:56 | Create | Fishing Ship |
| 5:00 | Create | Villager (Male) |
| 5:00 | Create | Villager (Male) |
| 5:20 | Create | Villager (Male) |
| 5:29 | Build | House |
| 6:07 | Create | Villager (Male) |
| 6:21 | Build | Palisade Wall |
| 6:28 | Build | Palisade Wall |
| 6:34 | Create | Villager (Male) |
| 6:34 | Create | Villager (Male) |
| 6:39 | Build | House |
| 6:49 | Create | Villager (Male) |
| 7:06 | Create | Villager (Male) |
| 7:37 | Create | Villager (Male) |
| 7:37 | Create | Villager (Male) |
| 7:41 | Create | Fishing Ship |
| 7:56 | Create | Villager (Male) |
| 8:02 | Build | House |
| 8:31 | Create | Villager (Male) |
| 8:39 | Create | Fishing Ship |
| 8:41 | Create | Villager (Male) |
| 9:12 | Create | Villager (Male) |
| 9:25 | Build | Mill |
| 9:30 | Create | Villager (Male) |
| 9:44 | Build | House |
| 9:47 | Create | Villager (Male) |
| 9:56 | Create | Villager (Male) |
| 10:03 | Create | Villager (Male) |
| 10:10 | Create | Fishing Ship |
| 10:20 | Build | House |
| 10:57 | Build | House |
| 11:01 | Build | Palisade Wall |
| 11:13 | Create | Villager (Male) |
| 11:17 | Create | Fishing Ship |
| 11:53 | Research | Feudal Age |
| 11:55 | Create | Villager (Male) |
| 12:03 | Build | Lumber Camp |
| 12:07 | Create | Villager (Male) |
| 12:17 | Research | Feudal Age |
| 12:43 | Build | Mining Camp |
| 13:10 | Build | House |
| 13:22 | Build | House |
| 13:23 | Build | Palisade Wall |
| 13:28 | Create | Villager (Male) |
| 14:57 | Create | Villager (Male) |
| 14:59 | Age | Feudal Age |
| 15:08 | Build | Market |
| 15:10 | Build | Blacksmith |
| 15:53 | Research | Castle Age |
| 15:53 | Research | Castle Age |
| 16:07 | Create | Unit 2626 |
| 16:35 | Create | Villager (Male) |
| 16:36 | Create | Villager (Male) |
| 16:43 | Build | Mining Camp |
| 16:47 | Research | Stone Mining |
| 16:48 | Research | Double-Bit Axe |
| 17:09 | Create | Villager (Male) |
| 17:26 | Build | Palisade Wall |
| 17:27 | Build | Palisade Wall |
| 17:31 | Build | Palisade Wall |
| 17:41 | Build | Palisade Wall |
| 17:55 | Build | Palisade Wall |
| 17:57 | Build | Palisade Wall |
| 17:59 | Build | Palisade Wall |
| 18:03 | Build | House |
| 18:05 | Build | Palisade Wall |
| 18:06 | Build | Palisade Wall |
| 18:06 | Create | Villager (Male) |
| 18:28 | Build | Building 800 |
| 18:31 | Build | House |
| 18:33 | Age | Castle Age |
| 18:55 | Research | Horse Collar |
| 18:56 | Research | Bow Saw |
| 19:00 | Build | Farm |
| 19:01 | Build | Farm |
| 19:01 | Build | Farm |
| 19:01 | Build | Farm |
| 19:01 | Build | Farm |
| 19:02 | Build | Farm |
| 19:02 | Build | Farm |
| 19:02 | Build | Farm |
| 19:03 | Build | Farm |
| 19:03 | Build | Farm |
| 19:22 | Build | Lumber Camp |
| 19:27 | Build | Palisade Wall |
| 19:31 | Create | Villager (Male) |
| 19:54 | Create | Villager (Male) |
| 20:08 | Create | Villager (Male) |
| 20:27 | Create | Villager (Male) |
| 20:30 | Build | Siege Workshop |
| 20:54 | Build | Castle |
| 20:57 | Create | Villager (Male) |
| 21:02 | Build | Lumber Camp |
| 21:23 | Create | Villager (Male) |
| 21:35 | Create | Villager (Male) |
| 21:37 | Research | Fletching |
| 21:37 | Research | Fletching |
| 21:38 | Create | Mangonel |
| 21:42 | Create | Villager (Male) |
| 21:59 | Build | Stone Wall |
| 22:01 | Build | Stone Wall |
| 22:02 | Build | Stone Wall |
| 22:03 | Build | Stone Wall |
| 22:44 | Create | Villager (Male) |
| 22:45 | Create | Villager (Male) |
| 22:55 | Create | Mangonel |
| 22:59 | Create | Centurion |
| 22:59 | Create | Centurion |
| 23:11 | Build | House |
| 23:25 | Create | Villager (Male) |
| 23:26 | Create | Villager (Male) |
| 23:36 | Build | House |
| 23:38 | Build | Palisade Wall |
| 23:45 | Build | Mill |
| 23:57 | Build | Town Center |
| 24:07 | Create | Fishing Ship |
| 24:07 | Create | Fishing Ship |
| 24:10 | Create | Villager (Male) |
| 24:22 | Build | Town Center |
| 24:25 | Create | Villager (Male) |
| 24:25 | Create | Villager (Male) |
| 24:49 | Build | Farm |
| 24:49 | Build | Farm |
| 24:50 | Build | Farm |
| 24:50 | Build | Farm |
| 24:50 | Build | Farm |
| 24:51 | Build | Farm |
| 24:51 | Build | Farm |
| 24:58 | Create | Villager (Male) |
| 25:13 | Create | Villager (Male) |
| 25:29 | Create | Villager (Male) |
| 25:37 | Create | Villager (Male) |
| 25:52 | Create | Villager (Male) |
| 25:55 | Build | Farm |
| 25:55 | Build | Farm |
| 25:55 | Build | Farm |
| 25:55 | Build | Farm |
| 25:56 | Build | Farm |
| 25:56 | Build | Farm |
| 25:56 | Build | Farm |
| 25:56 | Build | Farm |
Build order — AmX
First 150 of 494 actions detected
| 0:51 | Build | Town Center |
| 1:59 | Build | House |
| 2:02 | Build | House |
| 2:46 | Build | House |
| 2:56 | Create | Villager (Male) |
| 2:56 | Create | Villager (Male) |
| 2:56 | Create | Villager (Male) |
| 2:56 | Create | Villager (Male) |
| 4:21 | Create | Villager (Male) |
| 4:43 | Build | Mill |
| 4:45 | Create | Villager (Male) |
| 5:18 | Create | Villager (Male) |
| 5:48 | Create | Villager (Male) |
| 5:48 | Create | Villager (Male) |
| 6:11 | Create | Villager (Male) |
| 6:34 | Create | Villager (Male) |
| 6:36 | Research | Loom |
| 6:55 | Build | Dock |
| 7:27 | Create | Villager (Male) |
| 7:27 | Create | Villager (Male) |
| 7:39 | Create | Villager (Male) |
| 7:57 | Create | Fishing Ship |
| 7:57 | Create | Fishing Ship |
| 8:08 | Create | Fishing Ship |
| 8:17 | Create | Villager (Male) |
| 8:32 | Create | Villager (Male) |
| 8:38 | Create | Villager (Male) |
| 8:51 | Build | House |
| 8:54 | Build | House |
| 9:08 | Create | Villager (Male) |
| 9:21 | Create | Fishing Ship |
| 9:21 | Create | Fishing Ship |
| 9:54 | Create | Villager (Male) |
| 9:56 | Create | Villager (Male) |
| 10:01 | Create | Fishing Ship |
| 10:05 | Build | House |
| 10:29 | Create | Villager (Male) |
| 10:39 | Build | Lumber Camp |
| 11:00 | Create | Fishing Ship |
| 11:04 | Create | Villager (Male) |
| 11:32 | Create | Fishing Ship |
| 11:32 | Create | Fishing Ship |
| 11:38 | Build | House |
| 11:40 | Build | House |
| 11:40 | Build | House |
| 11:44 | Create | Villager (Male) |
| 12:04 | Research | Feudal Age |
| 12:39 | Build | Barracks |
| 12:58 | Create | Villager (Male) |
| 12:58 | Create | Villager (Male) |
| 13:04 | Create | Villager (Male) |
| 13:10 | Create | Fishing Ship |
| 13:30 | Build | Lumber Camp |
| 13:47 | Build | House |
| 13:48 | Build | House |
| 13:58 | Create | Villager (Male) |
| 14:19 | Age | Feudal Age |
| 14:30 | Research | Wheelbarrow |
| 14:30 | Research | Horse Collar |
| 14:35 | Research | Double-Bit Axe |
| 15:02 | Build | Stable |
| 15:16 | Create | Villager (Male) |
| 15:16 | Create | Villager (Male) |
| 15:32 | Build | Lumber Camp |
| 15:56 | Create | Scout Cavalry |
| 15:56 | Create | Scout Cavalry |
| 16:06 | Build | Stable |
| 16:21 | Build | House |
| 16:25 | Create | Villager (Male) |
| 16:30 | Create | Scout Cavalry |
| 16:30 | Create | Scout Cavalry |
| 17:06 | Create | Scout Cavalry |
| 17:17 | Create | Villager (Male) |
| 17:19 | Create | Villager (Male) |
| 17:19 | Create | Villager (Male) |
| 17:36 | Create | Scout Cavalry |
| 17:36 | Create | Scout Cavalry |
| 17:47 | Build | Blacksmith |
| 17:51 | Build | Stable |
| 18:17 | Create | Villager (Male) |
| 18:18 | Create | Scout Cavalry |
| 18:19 | Create | Scout Cavalry |
| 18:21 | Create | Villager (Male) |
| 18:37 | Build | Market |
| 18:45 | Build | Stable |
| 18:48 | Build | Mining Camp |
| 18:53 | Create | Scout Cavalry |
| 18:53 | Create | Scout Cavalry |
| 18:56 | Research | Forging |
| 18:57 | Research | Scale Barding Armor |
| 20:03 | Build | Farm |
| 20:03 | Build | Farm |
| 20:03 | Build | Farm |
| 20:04 | Build | Farm |
| 20:04 | Build | Farm |
| 20:04 | Build | Farm |
| 20:04 | Build | Farm |
| 20:04 | Build | Farm |
| 20:05 | Build | Farm |
| 20:05 | Build | Farm |
| 20:05 | Build | Farm |
| 20:05 | Build | Farm |
| 20:05 | Build | Farm |
| 20:06 | Build | Farm |
| 20:06 | Build | Farm |
| 20:06 | Build | Farm |
| 20:07 | Build | Farm |
| 20:08 | Create | Scout Cavalry |
| 20:08 | Create | Scout Cavalry |
| 20:09 | Create | Scout Cavalry |
| 20:09 | Create | Scout Cavalry |
| 20:32 | Research | Tech 906 |
| 20:55 | Create | Villager (Male) |
| 21:09 | Create | Fishing Ship |
| 21:09 | Create | Fishing Ship |
| 21:50 | Research | Bloodlines |
| 21:55 | Build | House |
| 21:55 | Build | House |
| 21:55 | Build | House |
| 21:55 | Build | House |
| 21:56 | Build | House |
| 21:56 | Build | House |
| 21:56 | Build | House |
| 22:00 | Build | Farm |
| 22:00 | Build | Farm |
| 22:01 | Build | Farm |
| 22:48 | Create | Villager (Male) |
| 22:49 | Create | Villager (Male) |
| 23:22 | Build | Mill |
| 23:23 | Build | Farm |
| 23:23 | Build | Farm |
| 23:24 | Build | Farm |
| 23:24 | Build | Farm |
| 23:54 | Research | Castle Age |
| 23:54 | Research | Castle Age |
| 24:01 | Build | Mining Camp |
| 24:15 | Build | Stone Wall |
| 24:17 | Build | Stone Wall |
| 24:19 | Build | Building 487 |
| 24:23 | Create | Villager (Male) |
| 24:30 | Research | Gold Mining |
| 25:19 | Create | Demolition Raft |
| 26:13 | Build | Stable |
| 26:17 | Build | Lumber Camp |
| 26:34 | Age | Castle Age |
| 26:39 | Create | Steppe Lancer |
| 26:39 | Create | Steppe Lancer |
| 26:39 | Create | Steppe Lancer |
| 26:39 | Create | Steppe Lancer |
| 26:39 | Create | Steppe Lancer |
Build order — Zeriel
First 150 of 492 actions detected
| 0:12 | Build | Town Center |
| 0:57 | Build | Dock |
| 1:29 | Build | House |
| 1:32 | Build | Palisade Wall |
| 1:34 | Build | Palisade Wall |
| 2:37 | Create | Villager (Male) |
| 2:37 | Create | Villager (Male) |
| 3:02 | Create | Villager (Male) |
| 3:03 | Create | Villager (Male) |
| 4:09 | Create | Villager (Male) |
| 4:20 | Build | House |
| 4:29 | Create | Fishing Ship |
| 4:55 | Create | Villager (Male) |
| 5:01 | Build | House |
| 5:10 | Create | Villager (Male) |
| 5:51 | Build | Palisade Wall |
| 5:52 | Create | Fishing Ship |
| 5:58 | Create | Villager (Male) |
| 6:15 | Create | Villager (Male) |
| 6:33 | Create | Fishing Ship |
| 6:52 | Create | Villager (Male) |
| 6:52 | Create | Villager (Male) |
| 7:00 | Build | House |
| 7:43 | Create | Fishing Ship |
| 7:49 | Build | House |
| 8:02 | Create | Villager (Male) |
| 8:38 | Create | Villager (Male) |
| 9:02 | Research | Loom |
| 9:10 | Create | Villager (Male) |
| 9:34 | Create | Villager (Male) |
| 10:08 | Create | Fishing Ship |
| 10:21 | Build | House |
| 10:23 | Create | Villager (Male) |
| 10:24 | Create | Villager (Male) |
| 10:34 | Build | Mill |
| 10:38 | Build | House |
| 10:40 | Build | House |
| 10:56 | Build | Mining Camp |
| 11:00 | Build | Palisade Wall |
| 11:13 | Research | Feudal Age |
| 11:25 | Build | Palisade Wall |
| 12:35 | Build | Palisade Wall |
| 12:36 | Build | Palisade Wall |
| 12:38 | Build | Palisade Wall |
| 13:12 | Create | Villager (Male) |
| 13:23 | Age | Feudal Age |
| 13:29 | Build | Market |
| 13:42 | Build | Blacksmith |
| 13:50 | Create | Villager (Male) |
| 14:26 | Research | Castle Age |
| 14:26 | Research | Castle Age |
| 14:34 | Build | Palisade Wall |
| 14:36 | Build | Palisade Wall |
| 14:38 | Build | Palisade Wall |
| 15:10 | Build | House |
| 15:17 | Create | Unit 2626 |
| 15:34 | Research | Town Watch |
| 15:56 | Build | House |
| 16:07 | Build | Dock |
| 16:31 | Create | Unit 2626 |
| 16:32 | Create | Unit 2626 |
| 17:06 | Age | Castle Age |
| 17:09 | Research | War Galley (upgrade) |
| 17:20 | Create | Unit 2626 |
| 17:20 | Create | Unit 2626 |
| 17:22 | Create | Villager (Male) |
| 17:47 | Create | Unit 2626 |
| 17:50 | Create | Villager (Male) |
| 18:01 | Create | Villager (Male) |
| 18:27 | Create | Unit 2626 |
| 18:35 | Create | Villager (Male) |
| 18:39 | Build | Town Center |
| 18:41 | Create | Villager (Male) |
| 19:10 | Create | Unit 2626 |
| 19:10 | Create | Unit 2626 |
| 19:36 | Create | Unit 2626 |
| 19:36 | Create | Unit 2626 |
| 19:44 | Build | House |
| 20:09 | Create | Villager (Male) |
| 20:09 | Create | Villager (Male) |
| 20:33 | Create | Fire Galley |
| 20:34 | Create | Fire Galley |
| 20:45 | Build | Mill |
| 20:52 | Build | House |
| 20:52 | Build | House |
| 21:23 | Create | Villager (Male) |
| 21:23 | Create | Villager (Male) |
| 21:59 | Create | Villager (Male) |
| 22:36 | Create | Villager (Male) |
| 22:41 | Build | Mill |
| 22:59 | Create | Villager (Male) |
| 23:02 | Build | Siege Workshop |
| 23:27 | Build | Farm |
| 23:29 | Build | Farm |
| 23:31 | Build | Farm |
| 24:27 | Create | Villager (Male) |
| 24:27 | Create | Villager (Male) |
| 24:38 | Create | Villager (Male) |
| 24:43 | Create | Mangonel |
| 24:46 | Create | Villager (Male) |
| 24:56 | Create | Villager (Male) |
| 24:59 | Build | House |
| 25:00 | Build | House |
| 25:00 | Build | House |
| 25:40 | Create | Villager (Male) |
| 25:53 | Build | Monastery |
| 26:03 | Create | Villager (Male) |
| 26:05 | Build | Monastery |
| 26:06 | Create | Villager (Male) |
| 26:43 | Create | Monk |
| 26:43 | Create | Monk |
| 26:55 | Create | Villager (Male) |
| 29:22 | Build | Town Center |
| 31:20 | Create | Villager (Male) |
| 31:26 | Build | Town Center |
| 32:58 | Create | Villager (Male) |
| 32:59 | Create | Villager (Male) |
| 32:59 | Create | Villager (Male) |
| 33:05 | Build | Farm |
| 33:08 | Build | Farm |
| 33:11 | Build | Farm |
| 33:24 | Build | House |
| 33:25 | Build | House |
| 33:26 | Build | House |
| 33:26 | Build | House |
| 33:33 | Create | Villager (Male) |
| 33:33 | Create | Villager (Male) |
| 33:39 | Create | Villager (Male) |
| 33:39 | Create | Villager (Male) |
| 33:57 | Create | Villager (Male) |
| 34:01 | Build | Farm |
| 34:42 | Create | Villager (Male) |
| 34:43 | Create | Villager (Male) |
| 34:44 | Create | Villager (Male) |
| 34:48 | Create | Villager (Male) |
| 34:50 | Build | Farm |
| 34:50 | Create | Villager (Male) |
| 34:52 | Build | Farm |
| 34:54 | Build | Farm |
| 34:55 | Create | Villager (Male) |
| 35:01 | Create | Villager (Male) |
| 35:03 | Build | Town Center |
| 35:23 | Build | House |
| 35:23 | Build | House |
| 35:24 | Build | House |
| 35:25 | Build | House |
| 35:28 | Build | House |
| 35:29 | Create | Villager (Male) |
| 35:40 | Create | Fire Galley |
| 35:43 | Create | Villager (Male) |
Build order — CrypticPsi
First 150 of 524 actions detected
| 0:15 | Build | Town Center |
| 0:27 | Build | House |
| 0:29 | Build | Dock |
| 2:33 | Create | Villager (Male) |
| 2:34 | Create | Villager (Male) |
| 3:02 | Create | Villager (Male) |
| 3:26 | Create | Villager (Male) |
| 3:40 | Create | Fishing Ship |
| 3:47 | Create | Villager (Male) |
| 4:07 | Build | House |
| 4:18 | Build | House |
| 4:32 | Research | Loom |
| 4:49 | Create | Fishing Ship |
| 4:55 | Create | Villager (Male) |
| 5:12 | Create | Villager (Male) |
| 5:37 | Create | Villager (Male) |
| 5:38 | Create | Fishing Ship |
| 5:59 | Build | House |
| 6:04 | Create | Villager (Male) |
| 6:26 | Create | Villager (Male) |
| 6:55 | Create | Fishing Ship |
| 6:58 | Create | Villager (Male) |
| 7:11 | Create | Villager (Male) |
| 7:19 | Build | House |
| 7:29 | Create | Villager (Male) |
| 7:44 | Build | Mill |
| 7:51 | Create | Villager (Male) |
| 8:16 | Create | Villager (Male) |
| 8:32 | Create | Fishing Ship |
| 9:05 | Create | Villager (Male) |
| 9:13 | Create | Villager (Male) |
| 9:38 | Build | Mining Camp |
| 9:47 | Research | Feudal Age |
| 9:57 | Create | Fishing Ship |
| 10:02 | Build | House |
| 10:59 | Build | House |
| 12:01 | Create | Villager (Male) |
| 12:14 | Age | Feudal Age |
| 12:16 | Create | Villager (Male) |
| 12:18 | Build | Market |
| 12:40 | Build | Blacksmith |
| 13:11 | Research | Castle Age |
| 13:33 | Build | Lumber Camp |
| 14:01 | Research | Double-Bit Axe |
| 14:28 | Build | Dock |
| 14:42 | Create | Villager (Male) |
| 15:18 | Create | Unit 2626 |
| 15:18 | Create | Unit 2626 |
| 15:20 | Create | Villager (Male) |
| 15:51 | Age | Castle Age |
| 15:53 | Build | Town Center |
| 15:55 | Create | Villager (Male) |
| 16:14 | Research | Bow Saw |
| 16:23 | Research | War Galley (upgrade) |
| 16:32 | Build | House |
| 16:46 | Create | Villager (Male) |
| 16:57 | Create | Unit 2626 |
| 17:14 | Create | Villager (Male) |
| 17:17 | Create | Villager (Male) |
| 17:19 | Create | Villager (Male) |
| 17:21 | Create | Villager (Male) |
| 17:27 | Create | Unit 2626 |
| 17:30 | Create | Villager (Male) |
| 17:40 | Create | Unit 2626 |
| 17:43 | Create | Villager (Male) |
| 17:58 | Create | Villager (Male) |
| 18:17 | Build | Town Center |
| 18:18 | Create | Villager (Male) |
| 18:33 | Create | Unit 2626 |
| 18:33 | Create | Unit 2626 |
| 18:34 | Create | Villager (Male) |
| 18:36 | Build | House |
| 18:39 | Build | House |
| 18:48 | Create | Villager (Male) |
| 19:01 | Build | Farm |
| 19:02 | Build | Farm |
| 19:03 | Build | Farm |
| 19:03 | Build | Farm |
| 19:27 | Build | Palisade Wall |
| 19:34 | Build | Palisade Wall |
| 19:37 | Create | Villager (Male) |
| 19:40 | Create | Villager (Male) |
| 19:44 | Build | Palisade Wall |
| 19:47 | Build | Palisade Wall |
| 19:50 | Create | Villager (Male) |
| 19:51 | Create | Villager (Male) |
| 19:53 | Create | Villager (Male) |
| 19:56 | Build | Mining Camp |
| 19:58 | Create | Villager (Male) |
| 20:04 | Build | Siege Workshop |
| 20:12 | Build | House |
| 20:14 | Build | House |
| 20:17 | Build | House |
| 20:19 | Create | Villager (Male) |
| 20:29 | Create | Villager (Male) |
| 20:43 | Create | Mangonel |
| 20:46 | Create | Villager (Male) |
| 20:46 | Create | Villager (Male) |
| 20:49 | Create | Villager (Male) |
| 20:57 | Build | Monastery |
| 21:07 | Build | House |
| 21:15 | Create | Villager (Male) |
| 21:35 | Build | Town Center |
| 21:36 | Create | Villager (Male) |
| 21:43 | Build | Palisade Wall |
| 21:44 | Build | Palisade Wall |
| 21:49 | Create | Villager (Male) |
| 21:51 | Create | Villager (Male) |
| 21:57 | Build | Town Center |
| 22:04 | Build | House |
| 22:11 | Build | Lumber Camp |
| 22:18 | Create | Villager (Male) |
| 22:22 | Build | Farm |
| 22:25 | Build | Farm |
| 22:25 | Build | Farm |
| 22:26 | Build | Farm |
| 22:27 | Build | Farm |
| 22:34 | Create | Villager (Male) |
| 22:45 | Create | Monk |
| 22:45 | Create | Villager (Male) |
| 22:51 | Build | Farm |
| 22:55 | Build | Farm |
| 22:56 | Build | Farm |
| 22:58 | Build | Farm |
| 23:01 | Build | Farm |
| 23:09 | Build | Farm |
| 23:12 | Build | Farm |
| 23:14 | Build | Farm |
| 23:16 | Research | Horse Collar |
| 23:17 | Create | Villager (Male) |
| 23:39 | Create | Villager (Male) |
| 23:50 | Build | Town Center |
| 23:51 | Create | Villager (Male) |
| 23:53 | Create | Villager (Male) |
| 23:56 | Create | Villager (Male) |
| 24:07 | Build | Farm |
| 24:07 | Build | Farm |
| 24:08 | Build | Farm |
| 24:21 | Research | Fletching |
| 24:27 | Create | Villager (Male) |
| 24:37 | Build | Dock |
| 24:39 | Create | Villager (Male) |
| 24:43 | Create | Villager (Male) |
| 24:43 | Create | Villager (Male) |
| 24:45 | Build | Farm |
| 24:46 | Create | Villager (Male) |
| 24:52 | Research | Town Watch |
| 24:52 | Research | Town Watch |
| 24:55 | Build | Farm |
| 24:58 | Build | Farm |
Build order — Amlan73
First 150 of 569 actions detected
| 1:12 | Build | Town Center |
| 1:56 | Build | Dock |
| 3:20 | Create | Villager (Male) |
| 3:20 | Create | Villager (Male) |
| 3:48 | Create | Villager (Male) |
| 3:48 | Create | Villager (Male) |
| 4:03 | Build | House |
| 4:04 | Build | House |
| 5:19 | Create | Villager (Male) |
| 5:19 | Create | Villager (Male) |
| 5:19 | Create | Villager (Male) |
| 6:06 | Create | Villager (Male) |
| 6:06 | Create | Villager (Male) |
| 6:07 | Create | Villager (Male) |
| 6:35 | Create | Villager (Male) |
| 6:36 | Create | Villager (Male) |
| 6:36 | Create | Villager (Male) |
| 6:36 | Create | Villager (Male) |
| 7:16 | Create | Fishing Ship |
| 7:16 | Create | Fishing Ship |
| 7:43 | Create | Villager (Male) |
| 7:44 | Create | Villager (Male) |
| 7:44 | Create | Villager (Male) |
| 7:44 | Create | Villager (Male) |
| 8:19 | Create | Fishing Ship |
| 8:20 | Build | House |
| 8:23 | Research | Loom |
| 8:26 | Build | House |
| 8:30 | Create | Villager (Male) |
| 8:31 | Create | Villager (Male) |
| 8:44 | Create | Villager (Male) |
| 8:53 | Build | Mill |
| 9:17 | Create | Fishing Ship |
| 9:24 | Build | House |
| 10:06 | Create | Villager (Male) |
| 10:06 | Create | Villager (Male) |
| 10:10 | Create | Fishing Ship |
| 10:11 | Create | Fishing Ship |
| 10:36 | Build | Lumber Camp |
| 10:50 | Create | Villager (Male) |
| 10:57 | Research | Double-Bit Axe |
| 11:22 | Create | Villager (Male) |
| 11:27 | Build | Mill |
| 11:32 | Create | Villager (Male) |
| 11:38 | Create | Fishing Ship |
| 12:06 | Create | Villager (Male) |
| 12:15 | Create | Fishing Ship |
| 12:39 | Create | Villager (Male) |
| 12:47 | Build | House |
| 12:58 | Create | Villager (Male) |
| 13:06 | Build | House |
| 13:13 | Build | Barracks |
| 13:34 | Research | Feudal Age |
| 13:54 | Build | Farm |
| 13:54 | Build | Farm |
| 14:27 | Build | Farm |
| 14:31 | Build | Farm |
| 15:15 | Create | Villager (Male) |
| 15:16 | Create | Villager (Male) |
| 15:44 | Age | Feudal Age |
| 15:47 | Build | Stable |
| 16:11 | Create | Villager (Male) |
| 16:19 | Build | Market |
| 16:22 | Create | Villager (Male) |
| 16:59 | Build | House |
| 17:03 | Create | Villager (Male) |
| 17:08 | Research | Castle Age |
| 17:08 | Research | Castle Age |
| 17:28 | Create | Scout Cavalry |
| 17:28 | Create | Scout Cavalry |
| 17:42 | Build | House |
| 17:48 | Research | Bow Saw |
| 18:20 | Build | House |
| 18:23 | Create | Scout Cavalry |
| 18:23 | Create | Scout Cavalry |
| 18:27 | Create | Villager (Male) |
| 18:32 | Build | Blacksmith |
| 18:52 | Create | Villager (Male) |
| 18:54 | Build | House |
| 19:25 | Create | Villager (Male) |
| 19:25 | Create | Villager (Male) |
| 19:27 | Build | House |
| 20:08 | Age | Castle Age |
| 20:12 | Create | Knight |
| 20:12 | Create | Knight |
| 20:16 | Build | Mining Camp |
| 20:30 | Build | Town Center |
| 20:35 | Create | Villager (Male) |
| 20:55 | Build | House |
| 20:58 | Research | Wheelbarrow |
| 21:13 | Create | Villager (Male) |
| 21:13 | Create | Villager (Male) |
| 21:21 | Create | Villager (Male) |
| 21:22 | Create | Villager (Male) |
| 21:25 | Build | House |
| 21:49 | Create | Knight |
| 21:52 | Create | Villager (Male) |
| 21:53 | Create | Villager (Male) |
| 22:06 | Create | Villager (Male) |
| 22:06 | Create | Villager (Male) |
| 22:06 | Create | Villager (Male) |
| 22:10 | Create | Villager (Male) |
| 22:10 | Create | Villager (Male) |
| 22:10 | Create | Villager (Male) |
| 22:28 | Create | Villager (Male) |
| 22:39 | Research | Husbandry |
| 22:50 | Create | Villager (Male) |
| 22:50 | Create | Villager (Male) |
| 22:54 | Research | Stone Mining |
| 23:08 | Build | House |
| 23:09 | Build | House |
| 23:16 | Create | Villager (Male) |
| 23:16 | Create | Villager (Male) |
| 23:16 | Create | Villager (Male) |
| 23:55 | Create | Villager (Male) |
| 23:55 | Create | Villager (Male) |
| 24:10 | Build | Farm |
| 24:10 | Build | Farm |
| 24:11 | Build | Farm |
| 24:11 | Build | Farm |
| 24:13 | Create | Villager (Male) |
| 24:17 | Build | Farm |
| 24:17 | Build | Farm |
| 24:18 | Build | Farm |
| 24:18 | Build | Farm |
| 24:19 | Build | Farm |
| 24:26 | Build | House |
| 25:01 | Research | Cavalier (upgrade) |
| 25:03 | Create | Knight |
| 25:04 | Create | Knight |
| 25:04 | Create | Knight |
| 25:11 | Build | House |
| 25:12 | Build | House |
| 25:12 | Build | House |
| 25:16 | Build | Farm |
| 25:17 | Build | Farm |
| 25:17 | Build | Farm |
| 25:22 | Research | Scale Barding Armor |
| 25:22 | Research | Scale Barding Armor |
| 25:29 | Build | Farm |
| 25:31 | Build | House |
| 25:34 | Build | Farm |
| 25:39 | Build | Farm |
| 25:42 | Create | Knight |
| 25:43 | Create | Knight |
| 25:59 | Build | Watch Tower |
| 26:03 | Create | Villager (Male) |
| 26:12 | Build | House |
| 26:14 | Build | Farm |
| 26:22 | Create | Villager (Male) |
Build order — Ndurrance
First 150 of 653 actions detected
| 0:01 | Build | House |
| 0:29 | Build | Town Center |
| 1:44 | Build | House |
| 2:49 | Create | Villager (Male) |
| 2:50 | Create | Villager (Male) |
| 2:50 | Create | Villager (Male) |
| 2:50 | Create | Villager (Male) |
| 3:40 | Research | Loom |
| 3:46 | Create | Villager (Male) |
| 3:56 | Create | Villager (Male) |
| 4:40 | Create | Villager (Male) |
| 5:30 | Create | Villager (Male) |
| 5:30 | Create | Villager (Male) |
| 6:32 | Create | Villager (Male) |
| 6:33 | Create | Villager (Male) |
| 6:33 | Create | Villager (Male) |
| 6:58 | Build | House |
| 7:24 | Create | Villager (Male) |
| 7:27 | Build | Dock |
| 7:34 | Build | House |
| 7:59 | Create | Villager (Male) |
| 8:03 | Create | Fishing Ship |
| 8:11 | Build | House |
| 8:31 | Create | Villager (Male) |
| 8:38 | Create | Villager (Male) |
| 8:42 | Create | Fishing Ship |
| 9:09 | Create | Fishing Ship |
| 9:15 | Create | Villager (Male) |
| 9:37 | Build | House |
| 9:49 | Create | Fishing Ship |
| 9:50 | Create | Villager (Male) |
| 10:06 | Create | Villager (Male) |
| 10:33 | Create | Villager (Male) |
| 10:36 | Create | Fishing Ship |
| 10:58 | Create | Villager (Male) |
| 11:26 | Create | Villager (Male) |
| 11:28 | Build | Mining Camp |
| 11:47 | Build | House |
| 12:01 | Research | Feudal Age |
| 12:12 | Build | Outpost |
| 12:34 | Build | Lumber Camp |
| 13:03 | Create | Villager (Male) |
| 13:06 | Create | Villager (Male) |
| 13:15 | Build | Mill |
| 14:11 | Age | Feudal Age |
| 14:13 | Build | Blacksmith |
| 14:17 | Build | Market |
| 14:39 | Create | Fishing Ship |
| 15:10 | Research | Castle Age |
| 15:36 | Build | Dock |
| 15:50 | Create | Galley |
| 15:52 | Create | Galley |
| 16:00 | Research | Double-Bit Axe |
| 16:20 | Build | House |
| 16:25 | Research | Horse Collar |
| 16:35 | Create | Fishing Ship |
| 16:47 | Research | Gold Mining |
| 16:54 | Build | House |
| 17:22 | Create | Villager (Male) |
| 17:22 | Create | Villager (Male) |
| 17:50 | Age | Castle Age |
| 17:52 | Build | Town Center |
| 17:56 | Build | Town Center |
| 18:04 | Build | Outpost |
| 18:10 | Research | Bow Saw |
| 18:23 | Create | Villager (Male) |
| 18:26 | Create | Villager (Male) |
| 18:31 | Build | Farm |
| 18:32 | Build | Farm |
| 18:39 | Build | House |
| 18:41 | Create | Villager (Male) |
| 18:49 | Create | Fishing Ship |
| 18:52 | Create | Villager (Male) |
| 19:10 | Create | Villager (Male) |
| 19:11 | Create | Villager (Male) |
| 19:15 | Build | Farm |
| 19:16 | Build | Farm |
| 19:18 | Build | Farm |
| 19:21 | Create | Villager (Male) |
| 19:22 | Create | Villager (Male) |
| 19:23 | Create | Villager (Male) |
| 19:29 | Build | Farm |
| 19:35 | Build | Farm |
| 19:43 | Build | Farm |
| 19:47 | Create | Villager (Male) |
| 19:47 | Create | Villager (Male) |
| 19:51 | Build | Farm |
| 19:57 | Create | Villager (Male) |
| 20:02 | Build | Farm |
| 20:06 | Build | Farm |
| 20:11 | Build | House |
| 20:20 | Create | Villager (Male) |
| 20:21 | Create | Villager (Male) |
| 20:21 | Create | Villager (Male) |
| 20:21 | Create | Villager (Male) |
| 20:26 | Build | Farm |
| 20:30 | Build | Farm |
| 20:39 | Build | House |
| 20:40 | Create | Villager (Male) |
| 20:40 | Create | Villager (Male) |
| 20:40 | Create | Villager (Male) |
| 20:54 | Research | Wheelbarrow |
| 21:04 | Research | Town Watch |
| 21:05 | Create | Villager (Male) |
| 21:09 | Build | Farm |
| 21:14 | Build | House |
| 21:27 | Build | Dock |
| 21:29 | Create | Villager (Male) |
| 21:30 | Create | Villager (Male) |
| 21:31 | Create | Villager (Male) |
| 21:42 | Create | Villager (Male) |
| 21:42 | Create | Villager (Male) |
| 21:42 | Create | Villager (Male) |
| 21:58 | Build | Town Center |
| 22:11 | Create | Villager (Male) |
| 22:13 | Create | Villager (Male) |
| 22:13 | Create | Villager (Male) |
| 22:13 | Create | Villager (Male) |
| 22:14 | Create | Villager (Male) |
| 22:26 | Create | Villager (Male) |
| 22:27 | Create | Villager (Male) |
| 22:32 | Build | House |
| 22:32 | Build | House |
| 22:42 | Research | Heavy Plow |
| 22:49 | Build | Farm |
| 23:01 | Build | Farm |
| 23:08 | Build | Farm |
| 23:13 | Build | Farm |
| 23:14 | Create | Villager (Male) |
| 23:15 | Create | Villager (Male) |
| 23:15 | Create | Villager (Male) |
| 23:28 | Build | Mining Camp |
| 23:33 | Build | Mining Camp |
| 23:35 | Create | Villager (Male) |
| 23:35 | Create | Villager (Male) |
| 23:35 | Create | Villager (Male) |
| 23:36 | Create | Villager (Male) |
| 23:42 | Build | House |
| 23:48 | Create | Villager (Male) |
| 23:48 | Create | Villager (Male) |
| 23:48 | Create | Villager (Male) |
| 23:49 | Create | Villager (Male) |
| 23:53 | Build | Farm |
| 24:05 | Build | Farm |
| 24:09 | Build | Farm |
| 24:21 | Build | Outpost |
| 24:24 | Build | Outpost |
| 24:27 | Create | Villager (Male) |
| 24:27 | Create | Villager (Male) |
| 24:27 | Create | Villager (Male) |
Match timeline
| 0:29 | CrypticPsi · first_building Dock |
| 0:50 | cheeseman · first_building Dock |
| 0:57 | Zeriel · first_building Dock |
| 1:10 | Meesh · first_building Dock |
| 1:24 | Neo · first_building Dock |
| 1:32 | Zeriel · wall_segment Palisade Wall x1 |
| 1:34 | Zeriel · wall_segment Palisade Wall x1 |
| 1:56 | Amlan73 · first_building Dock |
| 5:51 | Zeriel · wall_segment Palisade Wall x1 |
| 6:21 | Neo · wall_segment Palisade Wall x1 |
| 6:28 | Neo · wall_segment Palisade Wall x1 |
| 6:55 | AmX · first_building Dock |
| 7:27 | Ndurrance · first_building Dock |
| 11:00 | Zeriel · wall_segment Palisade Wall x2 |
| 11:01 | Neo · wall_segment Palisade Wall x1 |
| 11:25 | Zeriel · wall_segment Palisade Wall x1 |
| 12:09 | cheeseman · first_building Barracks |
| 12:14 | CrypticPsi · age_up feudal |
| 12:35 | Zeriel · wall_segment Palisade Wall x1 |
| 12:36 | Zeriel · wall_segment Palisade Wall x1 |
| 12:38 | Zeriel · wall_segment Palisade Wall x1 |
| 12:39 | AmX · first_building Barracks |
| 12:57 | cheeseman · age_up feudal |
| 13:13 | Amlan73 · first_building Barracks |
| 13:23 | Zeriel · age_up feudal |
| 13:23 | Neo · wall_segment Palisade Wall x6 |
| 13:25 | cheeseman · first_building Archery Range |
| 14:11 | Ndurrance · age_up feudal |
| 14:19 | AmX · age_up feudal |
| 14:25 | Zeriel · first_market_sell 100 wood |
| 14:26 | CrypticPsi · first_market_buy 100 wood |
| 14:34 | Zeriel · wall_segment Palisade Wall x1 |
| 14:36 | Zeriel · wall_segment Palisade Wall x1 |
| 14:38 | Zeriel · wall_segment Palisade Wall x1 |
| 14:39 | Meesh · age_up feudal |
| 14:59 | Neo · age_up feudal |
| 15:02 | AmX · first_building Stable |
| 15:08 | Ndurrance · first_market_sell 100 wood |
| 15:09 | Ndurrance · first_market_buy 100 food |
| 15:44 | Amlan73 · age_up feudal |
| 15:47 | Amlan73 · first_building Stable |
| 15:51 | CrypticPsi · age_up castle |
| 16:12 | CrypticPsi · first_market_sell 100 food |
| 17:06 | Zeriel · age_up castle |
| 17:26 | Neo · wall_segment Palisade Wall x1 |
| 17:27 | Neo · wall_segment Palisade Wall x1 |
| 17:31 | Neo · wall_segment Palisade Wall x1 |
| 17:41 | Neo · wall_segment Palisade Wall x1 |
| 17:50 | Ndurrance · age_up castle |
| 17:55 | Neo · wall_segment Palisade Wall x1 |
| 17:57 | Neo · wall_segment Palisade Wall x1 |
| 17:59 | Neo · wall_segment Palisade Wall x1 |
| 18:05 | Neo · wall_segment Palisade Wall x1 |
| 18:06 | Neo · wall_segment Palisade Wall x1 |
| 18:24 | cheeseman · wall_segment Palisade Wall x1 |
| 18:27 | cheeseman · wall_segment Palisade Wall x7 |
| 18:33 | Neo · age_up castle |
| 19:14 | cheeseman · wall_segment Palisade Wall x1 |
| 19:16 | cheeseman · wall_segment Palisade Wall x1 |
| 19:25 | cheeseman · wall_segment Palisade Wall x2 |
| 19:27 | Neo · wall_segment Palisade Wall x7 |
| 19:27 | CrypticPsi · wall_segment Palisade Wall x1 |
| 19:34 | CrypticPsi · wall_segment Palisade Wall x1 |
| 19:44 | CrypticPsi · wall_segment Palisade Wall x1 |
| 19:47 | CrypticPsi · wall_segment Palisade Wall x1 |
| 20:04 | CrypticPsi · first_building Siege Workshop |
| 20:08 | Amlan73 · age_up castle |
| 20:30 | Neo · first_building Siege Workshop |
| 20:33 | Neo · first_market_buy 100 stone |
| 20:54 | Neo · first_building Castle |
| 20:57 | CrypticPsi · first_building Monastery |
| 21:43 | CrypticPsi · wall_segment Palisade Wall x1 |
| 21:44 | CrypticPsi · wall_segment Palisade Wall x1 |
| 21:59 | Neo · wall_segment Stone Wall x1 |
| 22:01 | Neo · wall_segment Stone Wall x1 |
| 22:02 | Neo · wall_segment Stone Wall x1 |
| 22:03 | Neo · wall_segment Stone Wall x1 |
| 23:02 | Zeriel · first_building Siege Workshop |
| 23:10 | cheeseman · age_up castle |
| 23:38 | Neo · wall_segment Palisade Wall x1 |
| 23:47 | Meesh · first_building Barracks |
| 23:51 | Meesh · age_up castle |
| 24:15 | AmX · wall_segment Stone Wall x7 |
| 24:17 | AmX · wall_segment Stone Wall x3 |
| 24:18 | cheeseman · first_market_sell 100 wood |
| 24:19 | cheeseman · first_market_buy 100 food |
| 24:20 | Meesh · first_market_buy 100 stone |
| 24:23 | Meesh · first_building Castle |
| 25:53 | Zeriel · first_building Monastery |
| 25:54 | Ndurrance · first_building Siege Workshop |
| 26:04 | AmX · first_market_sell 100 wood |
| 26:05 | Ndurrance · first_building Monastery |
| 26:18 | Ndurrance · first_building Barracks |
| 26:34 | AmX · age_up castle |
| 26:35 | Neo · first_market_sell 100 wood |
| 27:22 | Amlan73 · first_building Castle |
| 27:44 | Ndurrance · first_building Castle |
| 27:58 | Ndurrance · first_building Stable |
| 28:04 | Neo · wall_segment Stone Wall x1 |
| 28:06 | Neo · wall_segment Stone Wall x1 |
| 28:34 | CrypticPsi · first_building Castle |
| 28:49 | AmX · first_building Siege Workshop |
| 29:54 | Ndurrance · age_up imperial |
| 30:05 | Neo · first_building Monastery |
| 30:16 | Meesh · first_building Stable |
| 30:22 | Neo · wall_segment Palisade Wall x1 |
| 30:28 | Meesh · first_market_sell 100 food |
| 30:37 | CrypticPsi · first_building Barracks |
| 31:18 | Zeriel · first_market_buy 100 stone |
| 32:08 | CrypticPsi · first_building Archery Range |
| 32:10 | Neo · first_building Barracks |
| 32:53 | CrypticPsi · age_up imperial |
| 33:42 | Meesh · age_up imperial |
| 34:56 | AmX · first_building Castle |
| 35:14 | Neo · age_up imperial |
| 37:33 | Meesh · first_building Archery Range |
| 38:42 | Neo · wall_segment Stone Wall x1 |
| 40:13 | cheeseman · wall_segment Palisade Wall x1 |
| 40:26 | cheeseman · first_building Castle |
| 40:29 | cheeseman · wall_segment Palisade Wall x1 |
| 40:35 | cheeseman · wall_segment Palisade Wall x1 |
| 40:51 | AmX · first_building Archery Range |
| 42:55 | Amlan73 · first_market_sell 100 wood |
| 44:20 | Zeriel · first_building Barracks |
| 44:45 | Amlan73 · first_building Archery Range |
| 45:04 | Zeriel · first_building Archery Range |
| 45:10 | cheeseman · age_up imperial |
| 47:34 | Zeriel · age_up imperial |
| 48:29 | Zeriel · first_building Castle |
| 49:05 | CrypticPsi · tribute_sent a jugador 1 |
| 49:05 | CrypticPsi · tribute_sent a jugador 2 |
| 49:05 | CrypticPsi · tribute_sent a jugador 3 |
| 49:05 | CrypticPsi · tribute_sent a jugador 4 |
| 49:05 | CrypticPsi · tribute_sent a jugador 5 |
| 49:05 | CrypticPsi · tribute_sent a jugador 7 |
| 49:05 | CrypticPsi · tribute_sent a jugador 8 |
| 49:32 | Zeriel · first_building Stable |
| 49:44 | Meesh · wall_segment Stone Wall x1 |
| 49:56 | Meesh · wall_segment Stone Wall x1 |
| 50:56 | Zeriel · tribute_sent a jugador 1 |
| 50:56 | Zeriel · tribute_sent a jugador 2 |
| 50:56 | Zeriel · tribute_sent a jugador 3 |
| 50:56 | Zeriel · tribute_sent a jugador 5 |
| 50:56 | Zeriel · tribute_sent a jugador 6 |
| 50:56 | Zeriel · tribute_sent a jugador 7 |
| 50:56 | Zeriel · tribute_sent a jugador 8 |
| 52:20 | Amlan73 · first_market_buy 100 wood |
| 52:34 | Amlan73 · age_up imperial |
| 53:43 | CrypticPsi · first_building Stable |
| 57:11 | Ndurrance · resign |
[ AI ANALYSIS · 1 CREDIT ]
What really happened in this match?
Wolo.gg analyzes every decision: build order, eco, micro, common mistakes by bracket. Personalized analysis on WhatsApp or Discord in 30 seconds.
Civ guide
Muisca
Perfil
Jugador #585705